[Event "January 2 Late 2024"]
[Site "https://www.chess.com"]
[Date "2024.01.02"]
[Round "6"]
[White "Lashkin, Jegor"]
[Black "Radjabov, Teimour"]
[Result "0-1"]
[Board "16"]
[TimeControl "180+1"]
[WhiteFideId "13907808"]
[BlackFideId "13400924"]
[WhiteElo "2824"]
[BlackElo "3027"]
[WhiteTeam "MDA"]
[BlackTeam "AZE"]
[WhiteClock "0:00:00"]
[BlackClock "0:00:04"]

1. d4 d5 2. c4 e6 3. cxd5 exd5 4. Nf3 c6 5. Nc3 Bf5 6. Bf4 Bd6 7. Bxd6 Qxd6 8. e3 Nd7 9. Bd3 Ne7 10. O-O O-O 11. Rb1 a5 12. h3 Rfe8 13. Ne1 Qg6 14. Bxf5 Nxf5 15. Nd3 Nd6 16. a4 Qf5 17. b3 Re7 18. Nf4 Nf6 19. Rc1 Rae8 20. Qd2 Qg5 21. Nce2 Ra8 22. Qc2 Nf5 23. Nd3 Rxe3 24. Qd2 Ne4 25. Qd1 Rxh3 26. Nef4 Rh6 27. Re1 Nxd4 28. Re3 Ne6 29. Nh3 Qh4 30. Qe1 Rf8 31. Ne5 N6g5 32. Nd3 Qg4 33. Ndf4 Qf5 34. Rd1 Nxh3+ 35. Nxh3 Rg6 36. Kf1 Qg4 37. Qxa5 Qxd1+ 38. Re1 Qd3+ 39. Re2 Re6 40. Nf4 Qd1+ 41. Re1 Nd2+ 0-1

[Event "January 2 Late 2024"]
[Site "https://www.chess.com"]
[Date "2024.01.02"]
[Round "6"]
[White "Fedoseev, Vladimir"]
[Black "Czarnota, Pawel"]
[Result "0-1"]
[Board "17"]
[TimeControl "180+1"]
[WhiteFideId "24130737"]
[BlackFideId "1121219"]
[WhiteElo "3022"]
[BlackElo "2821"]
[WhiteTeam "SLO"]
[BlackTeam "POL"]
[WhiteClock "0:00:00"]
[BlackClock "0:01:06"]

1. Nf3 Nf6 2. b3 g6 3. Bb2 Bg7 4. g3 O-O 5. Bg2 d6 6. d4 e5 7. dxe5 Ng4 8. Nc3 Nxe5 9. Nxe5 dxe5 10. Qxd8 Rxd8 11. Nd5 Na6 12. Ne7+ Kf8 13. Nxc8 Raxc8 14. Bxb7 Nb4 15. Ba3 c5 16. Bxb4 cxb4 17. Bxc8 e4 18. Rc1 Rxc8 19. O-O Bb2 20. Rcd1 Rxc2 21. Rd8+ Kg7 22. Rd7 Rxe2 23. Rfd1 Bc3 24. Rxa7 g5 25. Kf1 Rc2 26. Rdd7 Kg6 27. Rxf7 Bd4 28. Rad7 Rxa2 29. Rxd4 Kxf7 30. Rxe4 Kg6 31. Rxb4 h5 32. h4 g4 33. Rb6+ Kg7 34. b4 Rb2 35. b5 Kh7 36. Rb8 Kg7 37. b6 Kh7 38. Ke1 Kg7 39. b7 Kh7 40. Kd1 Kg7 41. Kc1 Rb6 42. Kd2 Rb5 43. Kd3 Rb4 44. Kc3 Rb1 45. Kd4 Rb2 46. Ke5 Rb3 47. Ke6 Rb6+ 48. Kd5 Rb2 49. Ke5 Rb1 50. Ke6 Rb6+ 51. Kd7 Rb2 52. Kc6 Rc2+ 53. Kd6 Rd2+ 54. Kc5 Rb2 55. Kc4 Rb1 56. Kd3 Rb2 57. Ke4 Rb4+ 58. Ke3 Rb3+ 59. Ke2 Rb2+ 60. Kd3 Rb3+ 61. Kc4 Rb1 62. Kc5 Rb2 63. Rd8 Rxb7 64. Rd5 Kg6 65. Rg5+ Kh6 66. Rf5 Kg6 67. Rf4 Rd7 68. Kc6 Rd8 69. Kc5 Rd2 70. Kc4 Rd7 71. Rd4 Rf7 72. Rd2 Rf3 73. Kd5 Kg7 74. Ke6 Kg6 75. Ke7 Kg7 76. Rd5 Kg6 0-1

[Event "January 2 Late 2024"]
[Site "https://www.chess.com"]
[Date "2024.01.02"]
[Round "6"]
[White "Pakleza, Zbigniew"]
[Black "Makarian, Rudik"]
[Result "0-1"]
[Board "18"]
[TimeControl "180+1"]
[WhiteFideId "1119290"]
[BlackFideId "44105681"]
[WhiteElo "2814"]
[BlackElo "3022"]
[WhiteTeam "POL"]
[BlackTeam "FID"]
[WhiteClock "0:00:00"]
[BlackClock "0:00:31"]

1. d4 Nf6 2. Nf3 c5 3. c3 d5 4. Bf4 Nc6 5. Nbd2 cxd4 6. cxd4 Bf5 7. e3 e6 8. Qb3 Bb4 9. a3 Qa5 10. Rd1 Bxd2+ 11. Nxd2 O-O 12. Qxb7 Rfc8 13. Qa6 Qd8 14. Bb5 Ne7 15. O-O Ng6 16. Bg3 h5 17. h3 Rc2 18. b4 Ne4 19. Nxe4 Bxe4 20. Bd3 Bxd3 21. Qxd3 Rac8 22. Rd2 R2c3 23. Qa6 Qg5 24. Qxa7 h4 25. Bd6 Rc1 26. Bc5 Rxf1+ 27. Kxf1 Qd8 28. Qa5 Qe8 29. b5 e5 30. b6 exd4 31. Bxd4 Rc1+ 32. Rd1 Rxd1+ 33. Ke2 Rb1 0-1

[Event "January 2 Late 2024"]
[Site "https://www.chess.com"]
[Date "2024.01.02"]
[Round "6"]
[White "Panchenko, Dmitry"]
[Black "Hakobyan, Aram"]
[Result "1-0"]
[Board "19"]
[TimeControl "180+1"]
[WhiteFideId "4169158"]
[BlackFideId "13306677"]
[WhiteElo "2813"]
[BlackElo "3019"]
[WhiteTeam "RUS"]
[BlackTeam "ARM"]
[WhiteClock "0:00:59"]
[BlackClock "0:00:00"]

1. e4 e5 2. Nf3 Nc6 3. Bc4 Nf6 4. d3 d5 5. exd5 Nxd5 6. O-O Nb6 7. Bb3 Bg4 8. h3 Bh5 9. Re1 Qe7 10. a4 a5 11. Nc3 O-O-O 12. g4 Bg6 13. Be3 h5 14. g5 Qd7 15. Kh2 f5 16. Nh4 Bf7 17. Bxf7 Qxf7 18. Bxb6 cxb6 19. Qf3 g6 20. Nb5 Bd6 21. Nxd6+ Rxd6 22. Qe3 Qc7 23. f4 Re8 24. Kg1 Rde6 25. Nf3 e4 26. dxe4 Rxe4 27. Qd2 Nb4 28. c3 Qc5+ 29. Kh2 Nd5 30. Rad1 Rxe1 31. Nxe1 Nc7 32. Nf3 Kb8 33. Ne5 Ka7 34. b4 1-0

[Event "January 2 Late 2024"]
[Site "https://www.chess.com"]
[Date "2024.01.02"]
[Round "6"]
[White "Lagarde, Maxime"]
[Black "Xiong, Jeffery"]
[Result "0-1"]
[Board "20"]
[TimeControl "180+1"]
[WhiteFideId "662399"]
[BlackFideId "2047640"]
[WhiteElo "2799"]
[BlackElo "3016"]
[WhiteTeam "FRA"]
[BlackTeam "USA"]
[WhiteClock "0:00:00"]
[BlackClock "0:01:29"]

1. d4 d5 2. c4 e6 3. Nc3 Nf6 4. Nf3 dxc4 5. e4 b5 6. e5 Nd5 7. Nxb5 Nb6 8. a3 Nc6 9. Be3 Be7 10. Qc2 Na5 11. Rd1 Qd7 12. Nc3 Bb7 13. h4 Rb8 14. Rh3 Bc6 15. Ng5 Na4 16. Bc1 f5 17. d5 Nxc3 18. Qxc3 Ba4 19. Qxa5 Bxg5 20. hxg5 Bxd1 21. Kxd1 Rb5 22. Qxa7 Qxd5+ 23. Ke1 O-O 24. Rc3 Rd8 25. Be2 Qxg2 26. Qxc7 Rbd5 0-1

[Event "January 2 Late 2024"]
[Site "https://www.chess.com"]
[Date "2024.01.02"]
[Round "6"]
[White "Krzyzanowski, Marcin"]
[Black "Bortnyk, Olexandr"]
[Result "0-1"]
[Board "21"]
[TimeControl "180+1"]
[WhiteFideId "1132199"]
[BlackFideId "14120828"]
[WhiteElo "2788"]
[BlackElo "3009"]
[WhiteTeam "POL"]
[BlackTeam "UKR"]
[WhiteClock "0:00:51"]
[BlackClock "0:01:40"]

1. e4 Nf6 2. e5 Nd5 3. d4 d6 4. Nf3 dxe5 5. Nxe5 c6 6. Be2 Bf5 7. O-O Nd7 8. Nf3 e6 9. c4 N5f6 10. Nc3 Bd6 11. h3 O-O 12. Nh4 Bg6 13. Nxg6 hxg6 14. Be3 Qc7 15. Qd2 e5 16. Rad1 exd4 17. Qxd4 Bh2+ 18. Kh1 Be5 19. Qh4 Bxc3 20. bxc3 Rfe8 21. Rd4 c5 22. Rdd1 Re4 23. g4 Rae8 24. Bd3 R4e6 25. Kg1 Rxe3 26. fxe3 Rxe3 27. Rfe1 Rg3+ 28. Kf2 Qf4+ 29. Ke2 Qe3+ 30. Kf1 Qf3# 0-1

[Event "January 2 Late 2024"]
[Site "https://www.chess.com"]
[Date "2024.01.02"]
[Round "6"]
[White "Van Foreest, Jorden"]
[Black "Timmermans, Mark"]
[Result "1-0"]
[Board "22"]
[TimeControl "180+1"]
[WhiteFideId "1039784"]
[BlackFideId "1026399"]
[WhiteElo "3005"]
[BlackElo "2776"]
[WhiteTeam "NED"]
[BlackTeam "NED"]
[WhiteClock "0:01:08"]
[BlackClock "0:00:01"]

1. b4 e5 2. Bb2 Bxb4 3. Bxe5 Nf6 4. Nc3 c6 5. e3 O-O 6. Rb1 Be7 7. Be2 d5 8. Nf3 Nbd7 9. Bg3 Ne4 10. Nxe4 dxe4 11. Nd4 Nb6 12. O-O c5 13. Nb5 Be6 14. Nc7 Bxa2 15. Nxa8 Qxa8 16. Ra1 Bd5 17. c4 Nxc4 18. Qa4 Nxd2 19. Rfc1 Nb3 20. Rd1 Nxa1 21. Rxd5 b5 22. Qd1 Bf6 23. Bxb5 Nc2 24. Bc4 Nb4 25. Rd7 a5 26. h4 a4 27. Bd6 Rc8 28. Rxf7 Kh8 29. Qh5 Bc3 30. Be6 1-0

[Event "January 2 Late 2024"]
[Site "https://www.chess.com"]
[Date "2024.01.02"]
[Round "6"]
[White "Song, Ethan"]
[Black "Svane, Rasmus"]
[Result "1-0"]
[Board "23"]
[TimeControl "180+1"]
[WhiteFideId "62900412"]
[BlackFideId "4657101"]
[WhiteElo "2763"]
[BlackElo "2997"]
[WhiteTeam "CAN"]
[BlackTeam "GER"]
[WhiteClock "0:00:11"]
[BlackClock "0:00:00"]

1. e4 c6 2. d4 d5 3. Nd2 dxe4 4. Nxe4 Nf6 5. Nxf6+ exf6 6. c3 Bd6 7. Bd3 O-O 8. Qc2 Re8+ 9. Ne2 h6 10. Be3 Nd7 11. O-O Nf8 12. Ng3 Qc7 13. Rfe1 Bd7 14. Rad1 Rad8 15. c4 Ne6 16. Bf5 Bc8 17. Nf1 h5 18. a3 g6 19. Bh3 Ng7 20. Bxc8 Qxc8 21. g3 h4 22. Bd2 Qh3 23. Rxe8+ Rxe8 24. Re1 Rxe1 25. Bxe1 Qe6 26. Bc3 Nf5 27. c5 Bc7 28. Qd3 Kg7 29. Nd2 Ne7 30. Nf3 h3 31. Qe3 Qd7 32. Bd2 Qf5 33. Nh4 Qb1+ 34. Bc1 Nd5 35. Qd2 g5 36. Nf3 Qe4 37. Ne1 b6 38. f3 Qe6 39. b4 a5 40. Kf2 axb4 41. axb4 bxc5 42. bxc5 Ne7 43. Qe2 Qd7 44. Be3 Nf5 45. Qd3 Qd5 46. Nc2 Ba5 47. Qe4 Qd7 48. Na3 Ne7 49. Nc4 Bc7 50. Nb6 Qd8 51. Nc4 Nd5 52. Bd2 Qa8 53. Ne3 Qa2 54. Nf5+ Kf8 55. Qe2 Qb2 56. Be3 Qc3 57. Qd2 Qa1 58. Qc1 Qa2+ 59. Qd2 Qa4 60. Qb2 Qa8 61. Qd2 Qc8 62. Qd3 Qe6 63. Bd2 Qc8 64. Ne3 Ne7 65. Nc4 Nf5 66. Ne3 Ng7 67. Qh7 Ne6 68. Qh8+ 1-0

[Event "January 2 Late 2024"]
[Site "https://www.chess.com"]
[Date "2024.01.02"]
[Round "6"]
[White "Lie, Kjetil A."]
[Black "Iturrizaga Bonelli, Eduardo"]
[Result "0-1"]
[Board "24"]
[TimeControl "180+1"]
[WhiteFideId "1501984"]
[BlackFideId "3901211"]
[WhiteElo "2757"]
[BlackElo "2981"]
[WhiteTeam "NOR"]
[BlackTeam "ESP"]
[WhiteClock "0:00:05"]
[BlackClock "0:00:50"]

1. c4 c5 2. g3 g6 3. Bg2 Bg7 4. Nc3 Nf6 5. Nh3 h5 6. Nf4 h4 7. d3 Nc6 8. Rb1 d6 9. a3 Bd7 10. b4 b6 11. Ncd5 Nxd5 12. Nxd5 e6 13. Ne3 Rc8 14. Bb2 Nd4 15. Nc2 Ba4 16. Bxd4 cxd4 17. Qd2 d5 18. c5 O-O 19. O-O bxc5 20. bxc5 Rxc5 21. Nb4 a5 22. Na6 Rc2 23. Qf4 e5 24. Qf3 Qd6 25. Qxd5 Qxa6 26. Rb7 0-1

[Event "January 2 Late 2024"]
[Site "https://www.chess.com"]
[Date "2024.01.02"]
[Round "6"]
[White "Tristan, Leonardo"]
[Black "Salem, A.R. Saleh"]
[Result "0-1"]
[Board "25"]
[TimeControl "180+1"]
[WhiteFideId "113816"]
[BlackFideId "9301348"]
[WhiteElo "2753"]
[BlackElo "2973"]
[WhiteTeam "ARG"]
[BlackTeam "UAE"]
[WhiteClock "0:00:00"]
[BlackClock "0:00:07"]

1. d4 Nf6 2. Nf3 g6 3. Bf4 Bg7 4. e3 O-O 5. Be2 d6 6. O-O Nh5 7. Bg5 h6 8. Bh4 g5 9. Nfd2 Nf4 10. exf4 gxh4 11. c3 Nd7 12. Bg4 c5 13. d5 Nf6 14. Bxc8 Qxc8 15. Nc4 h3 16. g3 b5 17. Ne3 c4 18. Na3 Qb7 19. Nac2 Rac8 20. Qf3 e6 21. Rfd1 Rc5 22. f5 exd5 23. Nd4 b4 24. Ng4 Re8 25. Re1 Rcc8 26. Qf4 bxc3 27. bxc3 Qd7 28. Nxh6+ Kf8 29. Qh4 Rxe1+ 30. Rxe1 Re8 31. Rb1 Ne4 32. Ng4 Qd8 33. f6 Nxf6 34. Qxh3 Qd7 0-1

[Event "January 2 Late 2024"]
[Site "https://www.chess.com"]
[Date "2024.01.02"]
[Round "6"]
[White "Tanriverdi, Enes"]
[Black "Rasulov, Vugar"]
[Result "1/2-1/2"]
[Board "26"]
[TimeControl "180+1"]
[WhiteFideId "34543279"]
[BlackFideId "13402390"]
[WhiteElo "2700"]
[BlackElo "2973"]
[WhiteTeam "TUR"]
[BlackTeam "AZE"]
[WhiteClock "0:00:03"]
[BlackClock "0:00:03"]

1. d4 e6 2. Nf3 Nf6 3. c4 Bb4+ 4. Bd2 Qe7 5. g3 d5 6. Bg2 O-O 7. O-O dxc4 8. Qc2 Bxd2 9. Nbxd2 b5 10. a4 c6 11. b3 cxb3 12. Nxb3 Nd5 13. Ne5 Bb7 14. Nc5 Rc8 15. Rfc1 b4 16. a5 Na6 17. Ned3 Rd8 18. Nxb7 Qxb7 19. Qxc6 Rab8 20. Rab1 g6 21. Qxb7 Rxb7 22. Rc6 Nb8 23. Rc4 Rb5 24. Bxd5 Rbxd5 25. e3 Na6 26. Ra1 b3 27. Nb4 Rxa5 28. Rb1 Ra4 29. Rxb3 Kg7 30. Nc6 Rxc4 31. Nxd8 Nb4 32. Nb7 Nd5 33. Nd6 Rb4 34. Ra3 Rb6 35. Nc8 Rb1+ 36. Kg2 a5 37. Rxa5 Rb2 38. Kf3 Nc3 39. Ra1 f5 40. Nd6 Kf6 41. Nc4 Rc2 42. Na3 Rb2 43. Nc4 Rb4 44. Ne5 Ne4 45. h4 Rb2 46. Nd3 Rd2 47. Ra3 h6 48. g4 g5 49. hxg5+ Nxg5+ 50. Kg3 Ne4+ 51. Kf3 Nd6 52. gxf5 exf5 53. Nf4 Ne4 54. Ra6+ Kf7 55. Nh3 Kg7 56. Ra7+ Kg6 57. Ra6+ Kg7 58. Ra5 Kf6 59. Ra6+ Kg7 1/2-1/2

[Event "January 2 Late 2024"]
[Site "https://www.chess.com"]
[Date "2024.01.02"]
[Round "6"]
[White "Adewumi, Tanitoluwa"]
[Black "Yoo, Christopher Woojin"]
[Result "1-0"]
[Board "27"]
[TimeControl "180+1"]
[WhiteFideId "30966396"]
[BlackFideId "30909694"]
[WhiteElo "2706"]
[BlackElo "2938"]
[WhiteTeam "USA"]
[BlackTeam "USA"]
[WhiteClock "0:00:05"]
[BlackClock "0:00:20"]

1. e4 c5 2. Nf3 d6 3. Bb5+ Bd7 4. Bxd7+ Nxd7 5. O-O Ngf6 6. Qe2 e6 7. b3 Be7 8. Bb2 O-O 9. c4 e5 10. Nc3 Re8 11. Ne1 Nf8 12. Nc2 Ne6 13. g3 Nd4 14. Qd3 Qd7 15. Ne3 Qh3 16. f3 h5 17. Rf2 h4 18. Qf1 Qe6 19. Qg2 Nh7 20. Raf1 Ng5 21. g4 Qg6 22. Nf5 Nge6 23. Nd5 Bd8 24. Nxd6 h3 25. Qg3 Nf4 26. Bxd4 Qxd6 27. Be3 g5 28. Bxf4 exf4 29. Qxh3 Kg7 30. Qg2 Rh8 31. Re2 Bf6 32. e5 Bxe5 33. Rfe1 Bd4+ 34. Kh1 Rh6 35. Re4 Rah8 36. R1e2 Qg6 37. Ne7 Rxh2+ 38. Qxh2 Rxh2+ 39. Rxh2 Qa6 40. Nf5+ Kf8 41. Rxd4 Qf6 42. Rd8+ Qxd8 43. Rh8# 1-0

[Event "January 2 Late 2024"]
[Site "https://www.chess.com"]
[Date "2024.01.02"]
[Round "6"]
[White "Harsha Bharathakoti"]
[Black "Atanasov, Anthony"]
[Result "0-1"]
[Board "28"]
[TimeControl "180+1"]
[WhiteFideId "5078776"]
[BlackFideId "2623897"]
[WhiteElo "2921"]
[BlackElo "2663"]
[WhiteTeam "IND"]
[BlackTeam "CAN"]
[WhiteClock "0:00:02"]
[BlackClock "0:00:04"]

1. e4 e5 2. Nf3 Nf6 3. Nc3 Nc6 4. Bb5 Nd4 5. Bc4 c6 6. Nxe5 d5 7. exd5 cxd5 8. Be2 Qe7 9. Nd3 Bg4 10. h3 Bh5 11. Nf4 Nxe2 12. Ncxe2 Bg6 13. O-O O-O-O 14. d3 Kb8 15. Re1 Ka8 16. a4 Qc7 17. Nxg6 hxg6 18. Bf4 Qb6 19. Be5 Bb4 20. c3 Bd6 21. Bxd6 Rxd6 22. Qd2 g5 23. a5 Qa6 24. Qxg5 Qxd3 25. Nd4 a6 26. Re3 Qh7 27. Rae1 Ne4 28. Qf5 Rg6 29. Qxd5 Nf6 30. Qf3 Qh4 31. Kf1 Qg5 32. Nf5 Rc8 33. Ng3 Qb5+ 34. Kg1 Qxa5 35. Qf5 Qc7 36. Re7 Qc6 37. Rxf7 Rh6 38. Rxg7 Nd5 39. Re5 Rf6 40. Qe4 Nf4 41. Qxc6 Rcxc6 42. Rg8+ Ka7 43. Re3 Rb6 44. b4 Nd5 45. Rd3 Nf4 46. Rf3 Rbc6 47. Ne4 Ne2+ 48. Kf1 Rxf3 49. gxf3 Nxc3 50. Nxc3 Rxc3 51. Kg2 Rb3 52. Rg4 b6 53. h4 a5 54. h5 Rxb4 55. h6 Rb5 56. Rh4 Rg5+ 57. Kh3 Rg8 58. h7 Rh8 59. Kg4 a4 60. Kg5 b5 61. Kg6 a3 62. f4 a2 63. Rh1 b4 64. f5 b3 65. f6 b2 66. Kg7 Rxh7+ 67. Rxh7 a1=Q 68. f7 b1=Q+ 69. Kg8 Qg6+ 0-1

[Event "January 2 Late 2024"]
[Site "https://www.chess.com"]
[Date "2024.01.02"]
[Round "6"]
[White "Liascovich, Lucas"]
[Black "Martin Fuentes, Alberto"]
[Result "1-0"]
[Board "29"]
[TimeControl "180+1"]
[WhiteFideId "108634"]
[BlackFideId "2292289"]
[WhiteElo "2916"]
[BlackElo "2653"]
[WhiteTeam "ARG"]
[BlackTeam "ESP"]
[WhiteClock "0:01:54"]
[BlackClock "0:00:52"]

1. e4 e6 2. d3 d5 3. Nd2 Be7 4. Ngf3 Nf6 5. g3 b6 6. e5 Nfd7 7. Bg2 c5 8. O-O Nc6 9. Re1 Qc7 10. c4 d4 11. Ne4 Bb7 12. Bf4 h6 13. h4 Rg8 14. h5 O-O-O 15. a3 g5 16. hxg6 fxg6 17. b4 g5 18. Nd6+ Bxd6 19. exd6 Qb8 20. Bd2 Qxd6 21. b5 Ne7 22. a4 Rdf8 23. a5 Rf7 24. axb6 axb6 25. Ra7 Rgf8 26. Rxb7 Kxb7 27. Nxg5+ Kc8 28. Nxf7 Rxf7 29. Qa4 h5 30. Qa8+ Nb8 31. Rxe6 Qxe6 32. Qb7+ Kd8 33. Qxb8+ Nc8 34. Bd5 Qf5 35. Bxf7 Qxf7 36. Bg5+ Kd7 37. Qb7+ Kd6 38. Bf4+ Ke6 39. Qxc8+ Kf6 40. Qc6+ 1-0

[Event "January 2 Late 2024"]
[Site "https://www.chess.com"]
[Date "2024.01.02"]
[Round "6"]
[White "Ehlvest, Jaan"]
[Black "Zhigalko, Sergei"]
[Result "0-1"]
[Board "30"]
[TimeControl "180+1"]
[WhiteFideId "4500016"]
[BlackFideId "13502956"]
[WhiteElo "2641"]
[BlackElo "2912"]
[WhiteTeam "USA"]
[BlackTeam "BLR"]
[WhiteClock "0:00:00"]
[BlackClock "0:00:03"]

1. e4 c5 2. Nf3 Nc6 3. Bb5 Nf6 4. Bxc6 dxc6 5. d3 Bg4 6. Nbd2 Qc7 7. h3 Bh5 8. a4 Nd7 9. a5 e5 10. g4 Bg6 11. Nh4 f6 12. Nc4 Bf7 13. Nf5 Rd8 14. b3 g6 15. Nh6 Be6 16. h4 b5 17. axb6 axb6 18. Bd2 Rc8 19. h5 b5 20. Na5 Bxh6 21. Bxh6 g5 22. b4 Kf7 23. bxc5 Nxc5 24. Qf3 Rhg8 25. O-O Ra8 26. d4 exd4 27. e5 Qxe5 28. Nxc6 Qe4 29. Qxe4 Nxe4 30. Nxd4 Nd2 31. Rxa8 Rxa8 32. Rd1 Nc4 33. f3 Ne3 34. Rd2 Nc4 35. Re2 Ne5 36. Kf2 Bc4 37. Re3 Rd8 38. c3 Nd3+ 39. Kg3 Nf4 40. Nf5 Be6 41. Nd4 Ra8 42. Re1 Ra2 43. Rg1 Bc4 0-1

[Event "January 2 Late 2024"]
[Site "https://www.chess.com"]
[Date "2024.01.02"]
[Round "6"]
[White "Livaic, Leon"]
[Black "Yagupov, Igor"]
[Result "1/2-1/2"]
[Board "31"]
[TimeControl "180+1"]
[WhiteFideId "14531534"]
[BlackFideId "4113632"]
[WhiteElo "2906"]
[BlackElo "2635"]
[WhiteTeam "CRO"]
[BlackTeam "RUS"]
[WhiteClock "0:00:06"]
[BlackClock "0:00:14"]

1. d4 d5 2. c4 c6 3. cxd5 cxd5 4. Bf4 Nc6 5. e3 Nf6 6. Nc3 Bf5 7. Qb3 Na5 8. Qa4+ Bd7 9. Qc2 e6 10. Bd3 Rc8 11. Nf3 Bb4 12. O-O O-O 13. Ne5 a6 14. Bg5 h6 15. Bh4 Bb5 16. Bxb5 axb5 17. f4 Be7 18. Bxf6 gxf6 19. Ng6 b4 20. Rf3 f5 21. Nxf8 Bxf8 22. Rg3+ Kh8 23. Qe2 bxc3 24. bxc3 Rxc3 25. Qh5 Qf6 26. Rb1 Rc7 27. h3 Nc4 28. Rc1 b5 29. Kh2 b4 30. Rf3 Ra7 31. Rc2 Be7 32. g4 Qg6 33. Rg2 Qxh5 34. gxh5 Bh4 35. Re2 Kg7 36. Rf1 Kf6 37. Rb1 Ra4 38. Rb3 Ke7 39. Kg2 Kf8 40. Kf3 Be7 41. Rg2 Bd6 42. Rb1 Ra3 43. Rb3 Ra4 44. Rb1 Ra8 45. Rb3 Rc8 46. Rc2 Be7 47. Rg2 Na5 48. Rb1 Rc3 49. Re2 Bd6 50. Ree1 Nc4 51. Re2 Ke7 52. Rb3 Rc1 53. Kf2 Kf8 54. Re1 Rc2+ 55. Re2 Rc1 56. Re1 Rxe1 57. Kxe1 Ke8 58. Ke2 Kd7 59. Kd3 Kc6 60. Rb1 Bf8 61. Rg1 Kd7 62. Rg8 Ke8 63. Rg1 Kd7 64. Rg8 Ke7 65. Rg1 Na3 66. Rc1 Nc4 67. Rg1 Ke8 68. Rg8 Na3 69. Rg1 Nc4 70. Rb1 Kd7 71. Rc1 Be7 72. Rg1 Bf8 1/2-1/2

[Event "January 2 Late 2024"]
[Site "https://www.chess.com"]
[Date "2024.01.02"]
[Round "6"]
[White "Lewicki, Miroslaw"]
[Black "Kukhmazov, Arsen"]
[Result "0-1"]
[Board "32"]
[TimeControl "180+1"]
[WhiteFideId "1113380"]
[BlackFideId "24108260"]
[WhiteElo "2560"]
[BlackElo "2873"]
[WhiteTeam "POL"]
[BlackTeam "FID"]
[WhiteClock "0:00:00"]
[BlackClock "0:00:10"]

1. e4 c6 2. d4 d5 3. Nd2 dxe4 4. Nxe4 Bf5 5. Ng3 Bg6 6. h4 h6 7. h5 Bh7 8. Bd3 Bxd3 9. Qxd3 e6 10. c4 Nf6 11. Bd2 c5 12. d5 exd5 13. Nf5 d4 14. O-O-O Qd7 15. Nf3 Nc6 16. Rhe1+ Kd8 17. Ne5 Nxe5 18. Rxe5 Bd6 19. Nxd6 Qxd6 20. Bf4 Qc6 21. Qf5 b6 22. Rde1 Qd7 23. Qxd7+ Nxd7 24. Re7 Rf8 25. Bd6 Rc8 26. g4 a6 27. f4 b5 28. g5 bxc4 29. g6 Rc6 30. gxf7 Rxd6 31. Re8+ Kc7 32. R1e7 Kc6 33. Rxd7 Kxd7 34. Rxf8 Rf6 35. b3 c3 36. Ra8 Rxf7 37. Ra7+ Ke8 38. Rxa6 Rxf4 39. Kc2 Rf2+ 40. Kd3 Rd2+ 41. Kc4 c2 42. Re6+ Kf7 43. Re1 Rd1 0-1

[Event "January 2 Late 2024"]
[Site "https://www.chess.com"]
[Date "2024.01.02"]
[Round "6"]
[White "Szpar, Milosz"]
[Black "Ferreira, Vitor Hugo Vieira"]
[Result "1-0"]
[Board "33"]
[TimeControl "180+1"]
[WhiteFideId "1184989"]
[BlackFideId "2119765"]
[WhiteElo "2869"]
[BlackElo "2546"]
[WhiteTeam "POL"]
[BlackTeam "BRA"]
[WhiteClock "0:02:11"]
[BlackClock "0:02:07"]

1. e4 c5 2. c3 Nf6 3. e5 Nd5 4. d4 cxd4 5. Nf3 e6 6. cxd4 Be7 7. Bc4 O-O 8. O-O b6 9. Bxd5 exd5 10. Nc3 Bb7 11. Qb3 d6 12. Nxd5 dxe5 13. Nxe7+ Qxe7 14. Nxe5 Rd8 15. Bg5 Qxg5 16. Qxf7+ Kh8 17. Qxb7 Rf8 18. Nf7+ Rxf7 19. Qc8+ 1-0

[Event "January 2 Late 2024"]
[Site "https://www.chess.com"]
[Date "2024.01.02"]
[Round "6"]
[White "Duda, Jan-Krzysztof"]
[Black "Manolache, Marius"]
[Result "1-0"]
[Board "34"]
[TimeControl "180+1"]
[WhiteFideId "1170546"]
[BlackFideId "1201530"]
[WhiteElo "3043"]
[BlackElo "2680"]
[WhiteTeam "POL"]
[BlackTeam "ROU"]
[WhiteClock "0:00:17"]
[BlackClock "0:00:00"]

1. c3 Nf6 2. Na3 d6 3. Nc2 e5 4. d3 g6 5. g3 Bg7 6. Bg2 O-O 7. Nh3 c6 8. O-O d5 9. f3 Re8 10. Nf2 Na6 11. e4 dxe4 12. fxe4 Be6 13. Bg5 h6 14. Be3 Kh7 15. d4 Nc7 16. Qd2 Qe7 17. b3 Rad8 18. Rae1 b6 19. Kh1 Rd7 20. Nd3 exd4 21. cxd4 Rdd8 22. Ncb4 Bd7 23. Ne5 Qe6 24. Nbd3 Bc8 25. Qc1 Bb7 26. Nf4 Qe7 27. Nxc6 Bxc6 28. Qxc6 Rd6 29. Qc2 Nxe4 30. Bg1 f5 31. g4 Bxd4 32. Nxg6 Rxg6 33. gxf5 Rxg2 34. Qxg2 Bxg1 35. Rxg1 Nd5 36. Qg6+ Kh8 37. Re2 Ndf6 38. Qxh6+ Qh7 39. Qxh7+ Kxh7 40. Reg2 Re5 41. Rg7+ Kh8 42. Rxa7 Rxf5 43. Rc1 Ng8 44. Rc4 Nef6 45. Rb7 b5 46. Rh4+ Nh5 47. a4 bxa4 48. bxa4 Nf6 49. Rb5 Rf1+ 50. Kg2 Ra1 51. Rhxh5+ Nxh5 52. Rxh5+ Kg7 53. Ra5 Ra3 54. h4 Kf6 55. h5 Kg7 56. Kf2 Kf6 57. Ke2 Ke6 58. h6 Rh3 59. Ra6+ Kd5 60. Rb6 Kc5 61. a5 Rh4 62. Ke3 Rh5 63. Kf4 Rh1 64. Kg5 Rh2 65. Kg6 Rg2+ 66. Kf7 Rh2 67. Kg7 Rg2+ 68. Rg6 1-0

[Event "January 2 Late 2024"]
[Site "https://www.chess.com"]
[Date "2024.01.02"]
[Round "6"]
[White "Keymer, Vincent"]
[Black "Rosen, Eric"]
[Result "0-1"]
[Board "35"]
[TimeControl "180+1"]
[WhiteFideId "12940690"]
[BlackFideId "2032562"]
[WhiteElo "3017"]
[BlackElo "2678"]
[WhiteTeam "GER"]
[BlackTeam "USA"]
[WhiteClock "0:00:00"]
[BlackClock "0:00:46"]

1. a3 d5 2. Nf3 Bf5 3. c4 e6 4. Qb3 Nd7 5. Qxb7 Ngf6 6. cxd5 exd5 7. Qc6 Rb8 8. d3 Bd6 9. Nd4 Bg6 10. Qc2 Rb6 11. g3 c5 12. Nf3 c4 13. Be3 Bc5 14. Bxc5 Nxc5 15. b4 Nb3 16. Ra2 Qe7 17. Qc3 Bxd3 18. Nbd2 d4 19. Nxd4 Nd5 0-1

[Event "January 2 Late 2024"]
[Site "https://www.chess.com"]
[Date "2024.01.02"]
[Round "6"]
[White "Kramnik, Vladimir"]
[Black "TheCavemanChess"]
[Result "1-0"]
[Board "36"]
[TimeControl "180+1"]
[WhiteFideId "4101588"]
[WhiteElo "2970"]
[BlackElo "2678"]
[WhiteTeam "RUS"]
[WhiteClock "0:00:38"]
[BlackClock "0:00:04"]

1. e4 c5 2. Nf3 d6 3. d4 cxd4 4. Nxd4 Nf6 5. Nc3 g6 6. Be2 Nc6 7. Be3 Bg7 8. O-O O-O 9. Qd2 Bd7 10. Rfd1 Rc8 11. f3 Re8 12. Nxc6 Bxc6 13. a4 Qa5 14. Nb5 Qxd2 15. Rxd2 a6 16. Na7 Ra8 17. Nxc6 bxc6 18. Rb1 a5 19. c3 Nd7 20. f4 Reb8 21. Rc2 e5 22. Rd1 Bf8 23. fxe5 Nxe5 24. Bf4 Rb7 25. Bxe5 dxe5 26. Bc4 Kg7 27. Rcd2 Re8 28. Kf1 Bc5 29. Ke2 Ree7 30. b3 f5 31. Rd8 fxe4 32. Rg8+ Kh6 33. Rc8 Rbc7 34. Rdd8 Rxc8 35. Rxc8 Bg1 36. Rxc6 Rd7 37. Re6 Bxh2 38. Bb5 Rd8 39. Bc6 Bf4 40. Bxe4 Rd2+ 41. Kf3 Rb2 42. Bd5 Rc2 43. Rc6 Bd2 44. Ke2 Bf4+ 45. Kd3 Rd2+ 46. Kc4 Kg5 47. Rc5 Rc2 48. Rxa5 Bd2 49. Kd3 Bxc3 50. Rc5 1-0

[Event "January 2 Late 2024"]
[Site "https://www.chess.com"]
[Date "2024.01.02"]
[Round "6"]
[White "Jakubowski, Krzysztof"]
[Black "Bok, Benjamin"]
[Result "1-0"]
[Board "37"]
[TimeControl "180+1"]
[WhiteFideId "1112848"]
[BlackFideId "1017063"]
[WhiteElo "2661"]
[BlackElo "2940"]
[WhiteTeam "POL"]
[BlackTeam "NED"]
[WhiteClock "0:00:36"]
[BlackClock "0:00:05"]

1. e4 c5 2. Nf3 d6 3. d4 cxd4 4. Nxd4 Nf6 5. Nc3 a6 6. h4 e5 7. Nb3 Be7 8. Bg5 Be6 9. Bxf6 Bxf6 10. g3 Be7 11. Qd2 Nd7 12. O-O-O Nf6 13. f4 Rc8 14. f5 Bc4 15. Qg2 h5 16. Bd3 b5 17. Kb1 O-O 18. Qf3 Qb6 19. Nd2 Rc5 20. Nf1 b4 21. Na4 Qa5 22. b3 Bxd3 23. Rxd3 Rc6 24. Ne3 Rfc8 25. Rh2 Qc7 26. Rhd2 a5 27. Qg2 Bd8 28. Nd5 Nxd5 29. Rxd5 Qb8 30. Qe2 Bb6 31. Rb5 Qc7 32. Nxb6 Rxb6 33. Rxb6 Qxb6 34. Qxh5 Qg1+ 35. Qd1 Qxg3 36. Rxd6 Qxh4 37. Rd5 Qxe4 38. Rxa5 Qxf5 39. Rb5 Qe4 40. Rd5 g6 41. Rd3 Kg7 42. Qd2 Rh8 43. Kb2 Rh1 44. Re3 Qd4+ 45. Qxd4 exd4 46. Rd3 Rh4 47. a3 bxa3+ 48. Kxa3 g5 49. b4 Kf6 50. b5 Ke5 51. Kb4 Rh2 52. b6 Rxc2 53. b7 Rb2+ 54. Rb3 Rxb3+ 55. Kxb3 Ke4 56. b8=Q d3 57. Kc3 Ke3 58. Qe8+ 1-0